 Dungeon Crawl Stone Soup version 0.30-a0-6-g7c9e10e132 (webtiles) character file.

Game seed: 13560808753202204511

30697 Flugkiller the Summoner (level 13, -12/137 HPs)
             Began as an Ogre Summoner on Aug 23, 2022.
             Was an Initiate of Gozag.
             Killed by divine providence
             ... invoked by a meliai
              (15 damage)
             ... on level 2 of the Lair of Beasts.
             The game lasted 00:31:00 (20897 turns).

Flugkiller the Summoner (Ogre Summoner)            Turns: 20897, Time: 00:31:00

Health: -12/137    AC:  7    Str: 15    XL:     13   Next: 53%
Magic:  25/25      EV: 10    Int: 26    God:    Gozag
Gold:   1469       SH:  5    Dex: 15    Spells: 4/28 levels left

rFire   . . .      SeeInvis .    L - +3 halberd (freeze)
rCold   . . .      Faith    .    (shield currently unavailable)
rNeg    . . .      Spirit   .    T - +1 robe {Will+}
rPois   +          Reflect  +    g - +2 hat
rElec   .          Harm     .    a - +0 cloak
rCorr   +          Rampage  .    (gloves unavailable)
Will    ++...                    (boots unavailable)
Stlth   ++........               K - amulet of reflection
HPRegen 0.32/turn                m - +6 ring of intelligence
MPRegen 0.19/turn                r - ring of Pogris {rPois rCorr Dex+6}

@: gold aura
A: large, unfitting armour, tough skin 1
a: Renounce Religion, Potion Petition, Call Merchant, Bribe Branch


You were on level 2 of the Lair of Beasts.
You worshipped Gozag.
Gozag was most pleased with you.
You visited 3 branches of the dungeon, and saw 14 of its levels.

You collected 2749 gold pieces.
You spent 576 gold pieces at shops.
You paid 704 gold pieces to Gozag.

Inventory:

Hand Weapons
 C - a +4 trident
   (You took it off a wight on level 6 of the Dungeon)
 L - a +3 halberd of freezing (weapon)
   (You took it off a wight on level 9 of the Dungeon)
Armour
 a - a +0 cloak (worn)
   (You found it on level 5 of the Dungeon)
 g - a +2 hat (worn)
   (You found it on level 11 of the Dungeon)
 S - a +1 robe of positive energy
   (You took it off an orc wizard on level 5 of the Dungeon)
 T - a +1 robe of willpower (worn)
   (You took it off Psyche on level 11 of the Dungeon)
Jewellery
 m - a +6 ring of intelligence (left hand)
   (You took it off a kobold on level 4 of the Dungeon)
 o - a ring of poison resistance
   (You took it off a meliai on level 2 of the Lair of Beasts)
 r - the ring of Pogris (right hand) {rPois rCorr Dex+6}
   (You found it on level 5 of the Dungeon)

   [ring of dexterity]

   Dex:       It affects your dexterity (+6).
   rPois:     It protects you from poison.
   rCorr:     It protects you from acid and corrosion.
 v - a ring of wizardry
   (You took it off a gnoll on level 4 of the Dungeon)
 A - the ring of Xahuach {rN+ SInv}
   (You found it on level 1 of the Lair of Beasts)

   [ring of see invisible]

   rN:        It protects you from negative energy.
   SInv:      It lets you see invisible.
 K - an amulet of reflection (around neck)
   (You found it on level 3 of the Dungeon)
Wands
 j - a wand of iceblast (21)
   (You found it on level 4 of the Dungeon)
 p - a wand of mindburst (7)
   (You found it on level 4 of the Dungeon)
 y - a wand of flame (14)
   (You took it off Dowan on level 7 of the Dungeon)
 O - a wand of paralysis (9)
   (You found it on level 10 of the Dungeon)
 R - a wand of light (3)
   (You found it on level 10 of the Dungeon)
Scrolls
 c - a scroll of enchant armour
 e - 2 scrolls of silence
 f - 4 scrolls of poison
 h - 2 scrolls of torment
 i - 3 scrolls of vulnerability
 l - 2 scrolls of magic mapping
 s - 2 scrolls of amnesia
 t - 5 scrolls of teleportation
 z - a scroll of blinking
 E - 2 scrolls of immolation
 G - a scroll of enchant weapon
 N - a scroll of brand weapon
Potions
 b - a potion of magic
 d - 4 potions of might
 k - 2 potions of mutation {unknown}
 n - a potion of resistance
 q - 2 potions of curing
 u - 4 potions of lignification
 w - 3 potions of heal wounds
 x - 3 potions of brilliance {unknown}
 B - a potion of flight {unknown}
 F - 2 potions of ambrosia {unknown}
 H - a potion of cancellation {unknown}
 I - a potion of berserk rage {unknown}
 J - 3 potions of attraction {unknown}
 P - 2 potions of haste {unknown}
 Q - a potion of invisibility {unknown}


   Skills:
 - Level 11.1 Fighting
 - Level 10.0 Polearms
 - Level 2.2 Dodging
 - Level 1.4 Stealth
 + Level 8.1 Spellcasting
 - Level 1.0 Hexes
 - Level 13.0 Summonings
 - Level 5.0 Translocations
 + Level 0.6 Transmutations
 - Level 3.0 Air Magic
 + Level 0.6 Earth Magic
 - Level 7.0 Evocations


You had 4 spell levels left.
You knew the following spells:

 Your Spells              Type           Power      Damage    Failure   Level
a - Summon Small Mammal   Summ           100%       N/A       1%          1
b - Call Imp              Summ           67%        N/A       1%          2
c - Call Canine Familiar  Summ           67%        N/A       1%          3
d - Summon Guardian Gole  Hex/Summ       46%        N/A       1%          3
e - Summon Lightning Spi  Summ/Air       51%        N/A       1%          4
f - Summon Forest         Summ/Tloc      27%        N/A       3%          5
g - Statue Form           Tmut/Erth      9%         N/A       100%        6

Your spell library contained the following spells:

 Spells                   Type           Power      Damage    Failure   Level
 Magic Dart               Conj           40%        1d5       5%          1
 Searing Ray              Conj           20%        2d5       9%          2
 Leda's Liquefaction      Hex/Erth       7%         N/A       36%         4
 Fulminant Prism          Conj/Hex       6%         3d7       41%         4
 Summon Hydra             Summ           33%        N/A       22%         7
 Lee's Rapid Deconstruct  Erth           7%         3d7*      75%         5
 Fireball                 Conj/Fire      5%         3d5       83%         5
 Eringya's Noxious Bog    Tmut/Pois      6%         N/A       100%        6


Dungeon Overview and Level Annotations

Branches:
Dungeon (11/15)            Temple (1/1) D:7            Lair (2/5) D:8
    Orc (0/2) D:10
  Swamp: Lair:2-3    Shoals: Lair:2-3     Snake: Lair:2-3    Spider: Lair:2-3

Altars:
Ashenzari
Dithmenos
Elyvilon
Fedhas
Gozag
Hepliaklqana
Kikubaaqudgha
Makhleb
Nemelex Xobeh
Okawaru
Qazlal
Ru
Sif Muna
Trog
Uskayaw
Vehumet
Wu Jian
Xom
Yredelemnul
Zin
The Shining One

Shops:
D:6 :   Lair:2 :

Annotations:
D:11 2 transporters, Pim's ghost, journeyman GnTm


Innate Abilities, Weirdness & Mutations

You are too large for most types of armour.
You have tough skin. (AC +1)


Message History

The killer bee stings you.
You see here 20 gold pieces.
The killer bee stings you but does no damage.
You see here 5 gold pieces.
Casting: Summon Forest (dangerous; 3% risk of failure)
Confirm with . or Enter, or press ? or * to list all spells.
An electric hum fills the air.
You block the killer bee's attack. The killer bee closely misses you.
You hit the killer bee. You freeze the killer bee.
The killer bee is moderately wounded.
The killer bee barely misses you. x2
You slash the killer bee! You freeze the killer bee.
The killer bee is almost dead.
The killer bee stings you. You block the killer bee's attack.
You slash the killer bee! You freeze the killer bee.
You kill the killer bee!
No target in view!
You start resting.
Magic restored.
You start resting.
A meliai comes into view. It is wielding a +0 war axe.
A meliai is nearby!
Unknown command.
The meliai buzzes angrily.
The meliai invokes the aid of its god against you.
Something smites you!
A meliai comes into view. It is wielding a +0 hand axe. x2
The meliai buzzes angrily.
Casting: Summon Lightning Spire (mildly dangerous; 1% risk of failure)
Confirm with . or Enter, or press ? or * to list all spells.
You need more open space to fit a forest.
The meliai hits you with a +0 war axe! The meliai barely misses you.
Casting: Summon Forest (dangerous; 3% risk of failure)
Confirm with . or Enter, or press ? or * to list all spells.
You need more open space to fit a forest.
You barely miss the meliai. The meliai hits you with a +0 war axe.
The meliai closely misses you. The meliai barely misses you.
The meliai stings you but does no damage.
The meliai invokes the aid of its god against you.
Something smites you!
Aiming: Bolt of Light
Press: ? - help, Shift-Dir - straight line, f - meliai
Aim: a meliai, wielding a +0 war axe and wearing a +0 leather armour (60% to hit)
The bolt of light hits the meliai!
The meliai is heavily wounded.
The meliai is blinded.
The meliai hits you with a +0 war axe! The meliai stings you.
You are poisoned.
The meliai poisons you! The meliai hits you with a +0 hand axe!
The meliai stings you but does no damage.
The meliai barely misses you. The meliai completely misses you.
You block the meliai's attack. The meliai stings you.
You feel much better.
You feel very sick. The meliai hits you with a +0 war axe!
The meliai stings you.
The meliai mumbles some strange prayers to its god against you.
Something smites you! The meliai hits you with a +0 war axe!
* * * LOW HITPOINT WARNING * * *
The meliai stings you.
* * * LOW HITPOINT WARNING * * *
The meliai hits you with a +0 hand axe!
* * * LOW HITPOINT WARNING * * *
You block the meliai's attack.
You feel better. The meliai barely misses you. The meliai stings you.
* * * LOW HITPOINT WARNING * * *
Unknown command.
Unknown command.
Okay, then.
Press: ? - help, v - describe, . - travel
Here: a meliai, wielding a +0 hand axe and wearing a +0 robe The floor.
Unknown command.
Unknown command.
Aiming: Iceblast
Press: ? - help, Shift-Dir - straight line, f/p - meliai
Aim: a meliai, wielding a +0 war axe and wearing a +0 leather armour (heavily wounded, blind)
The mass of ice explodes!
The iceblast engulfs the meliai!!
You kill the meliai!
The iceblast engulfs the meliai!!
The meliai is almost dead.
The meliai misses you.
The meliai stings you but does no damage.
The meliai mumbles some strange prayers to its god against you.
Something smites you!
* * * LOW HITPOINT WARNING * * *
You block the meliai's attack. The meliai barely misses you.
You feel much better. The meliai hits you with a +0 hand axe!
* * * LOW HITPOINT WARNING * * *
The meliai stings you.
* * * LOW HITPOINT WARNING * * *
The meliai calls down the wrath of its god upon you.
Something smites you!
* * * LOW HITPOINT WARNING * * *
The meliai invokes the aid of its god against you.
Something smites you!
* * * LOW HITPOINT WARNING * * *
The meliai invokes the aid of its god against you.
Something smites you!
You die...
Your body crumbles into a pile of gold.

#.....####...###......
##.....# #.....###.....
#.....## #..#..# ##....
#....#####.....#####...
##..####.##....#.####..
#..###....#.#....###..
#.###.....###.....###.
### #..#..# #..#..# ##
###@y...###.....####
##.##y$..#.#.....#.##
##..$.#.#.....#.##[..#
#...$$###.....###.....
#..y.$# #..#..# #.....
#.$$..# #.....# #.....
#....## #....## ##....
#...##.#.....#.## ##.#.
#).y. ###.....### ###.


You could see 2 meliai.

Vanquished Creatures
  Erica (D:8)
  A black mamba (Lair:2)
  2 elephants (Lair:1)
  A cane toad (Lair:1)
  Psyche (D:11)
  A polar bear (Lair:1)
  2 meliai (Lair:2)
  5 blink frogs
  A wraith (D:11)
  3 wyverns
  6 yaks
  5 water moccasins
  A two-headed ogre zombie (D:10)
  3 wolves (Lair:1)
  2 centaurs
  2 bullfrogs
  13 killer bees
  10 electric eels
  A hell rat (Lair:2)
  4 ogre zombies (D:10)
  2 gnolls
  A white imp (D:7)
  An ufetubus (D:4)
  A dart slug (D:1)
  2 orcs (D:5)
  A ball python (D:4)
  5 bats
  2 endoplasms
  2 giant cockroaches (D:1)
  3 hobgoblins
  2 quokkas
  A frilled lizard (D:1)
  3 goblins
  A hobgoblin zombie (D:10)
  3 kobolds
  2 orc skeletons (D:10)
  3 orc zombies (D:10)
  2 rats (D:1)
102 creatures vanquished.

Vanquished Creatures (collateral kills)
  Snorg (D:10)
  Josephine (D:11)
  2 two-headed ogres
  Amaemon (D:8)
  The ghost of mainiacjoe the Ruffian, a novice TrBe of Trog (D:5)
  A cyclops (D:11)
  2 elephants (Lair:1)
  2 black mambas
  Joseph (D:9)
  A gargoyle (D:11)
  An orange demon (D:8)
  4 cane toads
  An unseen horror (D:11)
  A rime drake (Lair:2)
  A kobold demonologist (D:5)
  A queen bee (Lair:2)
  3 meliai (Lair:2)
  A hornet (D:11)
  2 polar bears (Lair:1)
  10 blink frogs
  A shadow (D:10)
  3 wyverns
  A vampire (D:10)
  3 wraiths (D:11)
  17 yaks
  4 basilisks
  2 steam dragons
  10 water moccasins
  Duvessa (D:7)
  2 orc warriors
  2 ice beasts
  A sky beast (D:8)
  8 wolves
  2 ogres
  5 centaurs
  A kobold brigand (D:10)
  A phantom (D:10)
  Blork the orc (D:6)
  A necrophage (D:7)
  2 bullfrogs (D:8)
  4 scorpions
  18 wights
  24 killer bees
  Dowan (D:7)
  2 electric eels (D:10)
  4 howler monkeys
  A hound (D:7)
  A jelly (D:6)
  5 orc priests
  An iguana (D:4)
  5 orc wizards
  3 ogre zombies (D:10)
  5 gnolls
  8 adders
  A river rat (Lair:2)
  An ufetubus (D:4)
  A worm zombie (D:8)
  4 worms
  A dart slug (D:4)
  17 orcs
  3 bats
  5 endoplasms
  3 giant cockroaches
  7 goblins
  A hobgoblin (D:1)
  2 jackals (D:1)
  4 ball pythons
  A frilled lizard (D:3)
  A goblin skeleton (D:10)
  A goblin zombie (D:10)
  A hobgoblin skeleton (D:10)
  A hobgoblin zombie (D:10)
  7 kobolds
  2 orc skeletons (D:10)
  13 orc zombies (D:10)
  4 rats
  A rat zombie (D:8)
  A bush (Lair:1)
  A butterfly (D:7)
272 creatures vanquished.

Vanquished Creatures (others)
  Gastronok (D:11)
  A wight (D:9)
  A killer bee (D:9)
  An adder (D:3)
  19 fungi
  37 plants
  3 snaplasher vines
63 creatures vanquished.

Grand Total: 437 creatures vanquished

Notes
Turn   | Place    | Note
-------+----------+-------------------------------------------
     0 | D:1      | Flugkiller the Ogre Summoner began the quest for the Orb.
     0 | D:1      | Reached XP level 1. HP: 16/16 MP: 3/3
   249 | D:1      | Reached XP level 2. HP: 21/24 MP: 1/5
   291 | D:1      | Learned a level 2 spell: Call Imp
   335 | D:1      | Found a faded altar of an unknown god.
   590 | D:1      | Reached skill level 4 in Summonings
   675 | D:1      | Reached XP level 3. HP: 24/31 MP: 4/7
   679 | D:1      | Learned a level 3 spell: Call Canine Familiar
  2454 | D:2      | Reached XP level 4. HP: 27/39 MP: 6/9
  3449 | D:3      | Learned a level 3 spell: Summon Guardian Golem
  3479 | D:3      | Reached XP level 5. HP: 45/45 MP: 7/11
  4314 | D:4      | Noticed an ogre
  4323 | D:4      | Killed an ogre
  4324 | D:4      | Reached skill level 1 in Fighting
  4324 | D:4      | Reached skill level 1 in Hexes
  4324 | D:4      | Reached skill level 5 in Summonings
  4324 | D:4      | Reached XP level 6. HP: 57/57 MP: 7/13
  4588 | D:4      | Reached skill level 5 in Spellcasting
  5071 | D:4      | Learned a level 4 spell: Summon Lightning Spire
  5309 | D:4      | Reached skill level 1 in Air Magic
  5347 | D:5      | Entered Level 5 of the Dungeon
  5460 | D:5      | Found a broken altar of Ashenzari.
  5707 | D:5      | Reached XP level 7. HP: 41/65 MP: 2/14
  5973 | D:5      | Found a runed translucent door.
  5975 | D:5      | Noticed mainiacjoe's ghost (novice TrBe)
  5975 | D:5      | Noticed a kobold demonologist
  6227 | D:6      | Noticed Blork the orc
  6233 | D:6      | Killed Blork the orc
  6281 | D:6      | Reached skill level 6 in Summonings
  6383 | D:6      | Found an opulent altar of Gozag.
  6383 | D:6      | Found Koaff's Book Emporium.
  6463 | D:6      | Became a worshipper of Gozag Ym Sagoz the Greedy
  6508 | D:6      | Reached XP level 8. HP: 68/72 MP: 3/15
  6510 | D:6      | Reached skill level 7 in Summonings
  6510 | D:6      | Reached skill level 1 in Evocations
  7090 | D:6      | Reached skill level 1 in Polearms
  7280 | D:7      | Noticed Dowan
  7282 | D:7      | Noticed Duvessa
  7394 | D:7      | Reached XP level 9. HP: 72/84 MP: 13/17
  7699 | D:7      | Found a large runed translucent door.
  7699 | D:7      | Found a large runed translucent door.
  7901 | D:7      | Learned a level 5 spell: Summon Forest
  7936 | D:7      | Found a staircase to the Ecumenical Temple.
  8032 | D:7      | Reached skill level 1 in Translocations
  8201 | D:7      | Identified the +2 leather armour of the Eternal Fruit
                  | {rCorr}
  8214 | D:7      | Killed Dowan
  8238 | D:7      | Killed Duvessa
  8394 | D:7      | Got the Textbook on the Collective Pyre
  9082 | D:7      | Found a basalt altar of Yredelemnul.
  9085 | D:7      | Found a blossoming altar of Fedhas.
  9193 | D:8      | Found a sacrificial altar of Ru.
  9239 | D:8      | Reached skill level 8 in Summonings
  9385 | D:8      | Noticed Erica
  9518 | D:8      | Killed Erica
  9519 | D:8      | Reached XP level 10. HP: 56/92 MP: 14/19
  9826 | D:8      | Reached skill level 5 in Translocations
  9905 | D:8      | Noticed an orange demon
  9905 | D:8      | Noticed Amaemon
  9919 | D:8      | Reached skill level 9 in Summonings
  9925 | D:8      | Killed an orange demon
  9982 | D:8      | Reached skill level 5 in Polearms
  9987 | D:8      | Killed Amaemon
 10058 | D:8      | Reached skill level 5 in Fighting
 10394 | Temple   | Entered the Ecumenical Temple
 11175 | D:8      | Found a staircase to the Lair.
 11372 | D:8      | Reached XP level 11. HP: 113/113 MP: 21/21
 12392 | D:9      | Noticed Joseph
 12733 | D:9      | Killed Joseph
 13343 | D:9      | Reached skill level 5 in Evocations
 13705 | D:10     | Entered Level 10 of the Dungeon
 13817 | D:10     | Reached skill level 10 in Fighting
 14444 | D:10     | Found a staircase to the Orcish Mines.
 14684 | D:10     | Noticed a two-headed ogre
 14692 | D:10     | Killed a two-headed ogre
 14892 | D:10     | Noticed Snorg
 14922 | D:10     | Killed Snorg
 15342 | D:11     | Noticed a two-headed ogre
 15373 | D:11     | Noticed Pim's ghost (journeyman GnTm)
 15383 | D:11     | Found a transporter.
 15383 | D:11     | Noticed Psyche
 15390 | D:11     | Killed Psyche
 15487 | D:11     | Noticed Josephine
 15487 | D:11     | Noticed Gastronok
 15503 | D:11     | Killed Josephine
 15504 | D:11     | Reached XP level 12. HP: 130/130 MP: 13/24
 15556 | D:11     | Killed a two-headed ogre
 15571 | D:11     | Killed Gastronok
 15621 | D:11     | Paralysed by a hornet for 3 turns
 15625 | D:11     | Paralysed by a hornet for 3 turns
 15990 | D:11     | Paralysed by a hornet for 2 turns
 16433 | D:11     | Found a transporter.
 17480 | D:5      | Killed mainiacjoe's ghost
 17481 | D:5      | Reached skill level 10 in Summonings
 17509 | D:5      | Identified the ring of Pogris {rPois rCorr Dex+6}
 17593 | Lair:1   | Entered Level 1 of the Lair of Beasts
 18178 | Lair:1   | Reached skill level 10 in Polearms
 18178 | Lair:1   | Reached skill level 11 in Summonings
 18189 | Lair:1   | Reached XP level 13. HP: 86/137 MP: 13/25
 18395 | Lair:1   | Identified the ring of Xahuach {rN+ SInv}
 18926 | Lair:2   | Found a sparkling altar of Nemelex Xobeh.
 19024 | Lair:2   | Reached skill level 12 in Summonings
 20505 | Lair:2   | Reached skill level 13 in Summonings
 20654 | Lair:2   | Bought a book of the Earth for 576 gold pieces
 20661 | Lair:2   | Learned a level 6 spell: Statue Form
 20897 | Lair:2   | HP: 3/137 [meliai/divine providence (13)]
 20897 | Lair:2   | Killed from afar by a meliai

Illustrated notes

Levels and vault maps discovered:
D:1:      sevenhm_arrival_forest_fort_large_4, layout_loops_ring,
          ebering_ecumenical_altar_mist, corexii_item_surrounded_by_moat,
          item_on_display_a
D:2:      layout_basic, serial_glass, glass_columns_b, glass_columns_a
D:3:      layout_loops_ring, minmay_vboxes
D:4:      layout_basic, serial_glass, glass_columns_a, glass_columns_a,
          glass_columns_b, glass_columns_b, glass_columns_c, glass_columns_c
D:5:      layout_basic, lemuel_doored_altar, ebering_ghost_inner_flame,
          lemuel_another_geyser
D:6:      layout_rooms, nicolae_gozag_seed_capital, minivault_25,
          nicolae_stop_n_shop_2, uniq_blork_the_orc
D:7:      layout_basic, jmf_multi_god_temple2, minmay_temple_entry_butterflies,
          uniq_duvessa
D:8:      layout_loops_ring, nicolae_overflow_crystal_walls,
          minmay_lair_entry_grove, enter_ossuary_3, grunt_decor_fettered,
          st_stairs_4, chequers_big_river, minmay_misc_feat_plants, eino_jars,
          uniq_amaemon, uniq_erica
D:9:      layout_cave_pods, uniq_joseph
D:10:     layout_small_grid, zombieorc2_lemuel, kennysheep_boxes, uniq_snorg
D:11:     layout_rooms, gammafunk_ghost_stat_death, uniq_josephine, uniq_psyche,
          uniq_gastronok
Temple:   sentei_temple_godly_chess
Lair:1:   layout_loops_ring, cheibrodos_lair_lostbears,
          infiniplex_staircase_pool, lemuel_fruit_tree, grunt_megastairs_1
Lair:2:   regret_index_combs_of_tragedy, layout_regular_city, basic_altar

Skill      XL: |  1  2  3  4  5  6  7  8  9 10 11 12 13 |
---------------+----------------------------------------+-----
Spellcasting   | 3 4 5 6 7 8 |  8.1
Summonings     | 4 5 6 7 8 9 11 13 | 13.0
Fighting       | 1 2 4 8 11 | 11.1
Hexes          | 1 |  1.0
Air Magic      | 1 3 |  3.0
Evocations     | 4 6 7 |  7.0
Polearms       | 2 4 6 7 10 | 10.0
Translocations | 4 5 |  5.0
Dodging        | 2 |  2.2
Stealth        | |  1.4
Transmutations | |  0.6
Earth Magic    | |  0.6

Action                   |  1- 3 |  4- 6 |  7- 9 | 10-12 | 13-15 || total
-------------------------+-------+-------+-------+-------+-------++-------
Melee: Whip              |    85 |     3 |       |       |       ||    88
       Punch             |     1 |     1 |     1 |     1 |       ||     4
       Spear             |       |    17 |       |       |       ||    17
       Dagger            |       |    31 |    26 |       |       ||    57
       Trident           |       |       |    26 |    65 |       ||    91
       Halberd           |       |       |       |   115 |   104 ||   219
 Cast: Summon Small Mamm |    26 |     1 |       |       |       ||    27
       Call Canine Famil |    10 |    46 |    10 |    16 |     3 ||    85
       Call Imp          |       |     4 |     3 |     1 |       ||     8
       Summon Guardian G |       |     1 |       |     7 |       ||     8
       Summon Lightning  |       |       |    36 |    52 |     6 ||    94
       Summon Forest     |       |       |       |    29 |    18 ||    47
Invok: Call Merchant     |       |       |       |       |     1 ||     1
Evoke: Wand              |       |       |    11 |     9 |     4 ||    24
  Use: Scroll            |       |     8 |     3 |     5 |       ||    16
       Potion            |       |       |       |     1 |     7 ||     8
 Stab: Sleeping          |     3 |       |       |       |       ||     3
       Distracted        |       |       |       |     9 |    11 ||    20
Armor: Robe              |    53 |    20 |    28 |    66 |    44 ||   211
Dodge: Dodged            |    62 |    22 |    44 |    82 |    73 ||   283
Block: Other             |       |     9 |    26 |    31 |    37 ||   103
       Reflection        |       |       |     3 |     1 |       ||     4

Table legend: (Time is in decaauts)
 A = Elapsed time spent in this place.
 B = Non-inter-level travel time spent in this place.
 C = Inter-level travel time spent in this place.
 D = Time resting spent in this place.
 E = Time spent auto-exploring this place.
 F = Levels seen in this place.
 G = Mean time per level.
                   A        B        C        D        E       F      G
               +--------+--------+--------+--------+--------+-----+--------+
         Total |  20984 |  19969 |   1015 |   6327 |   9622 |  14 | 1498.9 |
       Dungeon |  17671 |  16676 |    995 |   5118 |   8207 |  11 | 1606.5 |
        Temple |      1 |      1 |      0 |      0 |      0 |   1 |    1.0 |
          Lair |   3311 |   3292 |     19 |   1209 |   1414 |   2 | 1655.5 |
               +--------+--------+--------+--------+--------+-----+--------+

Top non-repeatable levels by time:
     D:7: 2426 daAuts
  Lair:1: 2179 daAuts
     D:8: 2157 daAuts
    D:10: 2049 daAuts
     D:9: 1741 daAuts
     D:2: 1740 daAuts
    D:11: 1603 daAuts
     D:1: 1390 daAuts
     D:6: 1308 daAuts
     D:3: 1252 daAuts
  Lair:2: 1131 daAuts
     D:4: 1006 daAuts
     D:5: 995 daAuts
  Temple: 1 daAuts
